 Dungeon Crawl Stone Soup version 0.28.0 (webtiles) character file.

Game seed: 4233929991316738519

37 SomeFlowers the Firebug (level 3, -6/27 HPs)
             Began as a Hill Orc Fire Elementalist on Feb 12, 2022.
             Mangled by an ogre (33 damage)
             ... on level 2 of the Dungeon.
             The game lasted 00:03:55 (1932 turns).

SomeFlowers the Firebug (HOFE)                      Turns: 1932, Time: 00:03:55

Health: -6/27      AC:  3    Str: 12    XL:     3   Next: 39%
Magic:  5/5        EV: 11    Int: 15    God:
Gold:   62         SH:  0    Dex: 11    Spells: 2/5 levels left

rFire   . . .      SeeInvis .   f - +2 hand axe (drain)
rCold   . . .      Faith    .   (no shield)
rNeg    + . .      Spirit   .   e - +0 leather armour
rPois   .          Reflect  .   (no helmet)
rElec   .          Harm     .   (no cloak)
rCorr   .          Rampage  .   (no gloves)
Will    .....                   (no boots)
Stlth   +.........              (no amulet)
HPRegen 0.09/turn               d - ring of positive energy
MPRegen 0.09/turn               (no ring)

@: no status effects
A: no striking features
a: no special abilities


You were on level 2 of the Dungeon.
You visited 1 branch of the dungeon, and saw 2 of its levels.

You collected 62 gold pieces.

Inventory:

Hand Weapons
 f - a +2 hand axe of draining (weapon)
Missiles
 g - 149 stones
Armour
 a - a +0 robe
 e - a +0 leather armour (worn)
 h - a +0 scale mail
Jewellery
 d - a ring of positive energy (left hand)
Scrolls
 c - 2 scrolls of teleportation {unknown}
Potions
 b - a potion of flight {unknown}


   Skills:
 + Level 0.8 Fighting
 - Level 1.5 Dodging
 - Level 1.5 Stealth
 - Level 1.8 Spellcasting
 + Level 1.4 Conjurations
 + Level 4.3 Fire Magic


You had 2 spell levels left.
You knew the following spells:

 Your Spells              Type           Power      Damage    Failure   Level
a - Foxfire               Conj/Fire      36%        2x1d5     9%          1
b - Scorch                Fire           28%        2d6       8%          2

Your spell library contained the following spells:

 Spells                   Type           Power      Damage    Failure   Level
 Conjure Flame            Conj/Fire      9%         6-21      26%         3
 Inner Flame              Hex/Fire       7%         N/A       34%         3
 Flame Wave               Conj/Fire      9%         2d5       65%         4
 Olgreb's Toxic Radiance  Pois           1%         N/A       96%         4
 Ozocubu's Refrigeration  Ice            0%         4d5       100%        7
 Ignition                 Fire           7%         3d4       100%        8


Dungeon Overview and Level Annotations

Branches:
Dungeon (2/15)

Altars:


Message History

g - 65 stones (gained 22)
A rat comes into view.
You now have 53 gold pieces (gained 7).
The rat bites you.
You hit the rat.
You kill the rat!
Found 15 stones.
There are no items here.
You see here a +0 scale mail.
h - a +0 scale mail
g - 80 stones (gained 15)
Found an escape hatch in the floor.
You now have 62 gold pieces (gained 9).
A goblin comes into view. It is wielding a +0 club.
The goblin shouts!
The goblin unwields a +0 club.
The goblin wields a +0 hunting sling.
The goblin shoots a stone.
The stone hits you.
The goblin shoots a stone.
The stone hits you.
The goblin shoots a stone.
The stone closely misses you.
You slash the goblin!
You kill the goblin!
g - 108 stones (gained 28)
Things that are here:
a +0 hunting sling; a +0 club; a goblin corpse
Things that are here:
a +0 hunting sling; a +0 club; a goblin corpse You start resting.
HP restored.
Found a stone staircase leading up.
There is a stone staircase leading up here.
g - 128 stones (gained 20)
g - 149 stones (gained 21)
An ogre comes into view. It is wielding a +0 giant club.
The ogre shouts!
Unknown command.
You hit the ogre.
The ogre is lightly wounded.
The ogre hits you with a +0 giant club!!
Ouch! That really hurt!
You die...

.# # #.# .#
#.# .# #.# .#
#.# .# #.# .#
# #.# .#
##.#.# ##
#....######..#
#....O@......#
#.#########.##
#. #


You could see an ogre.

Vanquished Creatures
  An adder (D:2)
  2 dart slugs (D:1)
  2 ball pythons
  2 giant cockroaches (D:1)
  4 goblins
  A hobgoblin (D:1)
  2 quokkas (D:1)
  4 bats (D:1)
  6 rats
24 creatures vanquished.

Vanquished Creatures (others)
  36 foxfires
36 creatures vanquished.

Grand Total: 60 creatures vanquished

Notes
Turn   | Place    | Note
-------+----------+-------------------------------------------
     0 | D:1      | SomeFlowers the Hill Orc Fire Elementalist began the quest
                  | for the Orb.
     0 | D:1      | Reached XP level 1. HP: 14/14 MP: 3/3
   440 | D:1      | Reached XP level 2. HP: 16/20 MP: 0/4
  1052 | D:1      | Reached skill level 4 in Fire Magic
  1372 | D:1      | Learned a level 2 spell: Scorch
  1507 | D:2      | Reached XP level 3. HP: 27/27 MP: 5/5
  1929 | D:2      | Noticed an ogre
  1932 | D:2      | Mangled by an ogre

Illustrated notes

Levels and vault maps discovered:
D:1:      psy_arrival_terrarium, layout_basic
D:2:      layout_loops_ring, minmay_pentomino_v2

Skill      XL: |  1  2 |
---------------+-------+-----
Fire Magic     | 4 |  4.3
Fighting       | |  0.8
Dodging        | |  1.5
Stealth        | |  1.5
Spellcasting   | |  1.8
Conjurations   | |  1.4

Action                   || total
-------------------------++-------
Melee: Unarmed           ||    23
       Hand axe          ||    16
 Cast: Foxfire           ||    28
Armor: Robe              ||     9
       Leather armour    ||     6
Dodge: Dodged            ||    43
